AoeStats
← Cr3ep

African Clearing

510934675Analyzed
3v3 RM · 9h ago on Oct 3, 2026· 65m 47s· 6 players
Game mode
Random Map
Map size
Normal (6 player)
Population
200
Speed
Normal
Resources
Standard
Victory
Conquest
Starting age
Dark Age
Ending age
Imperial Age
RankedLock teamsTeams togetherTeam positionsShared explorationLock speedFull tech treeHidden civsTurbo modeCheats
Victory
Defeat
🇺🇸 Varangians · United States
1207
+12
🇺🇸 Danes · United States
1137
+15
🇺🇸 Italians · United States
1094
+17
🇦🇷 Chinese · Argentina
1255
-20
🇲🇽 Koreans · Mexico
1093
-14
🇲🇽 Britons · Mexico
990
-28
VL marianinka
3:08 Loom
11:12 Feudal Age
11:43 Double-Bit Axe
14:10 Scale Barding Armor
14:56 Town Watch
17:42 Forging
22:46 Castle Age
21:42 Bloodlines
23:57 Chain Barding Armor
28:59 Husbandry
34:36 Gold Mining
34:46 Horse Collar
37:58 Iron Casting
37:15 Fletching
42:12 Wheelbarrow
42:21 Gold Shaft Mining
42:09 Light Cavalry
44:00 Heavy Plow
44:41 Hand Cart
44:39 Bow Saw
44:22 Stone Mining
49:19 Imperial Age
49:43 Cavalier
54:12 Blast Furnace
53:47 Plate Barding Armor
53:08 Bodkin Arrow
54:24 Conscription
55:02 Ballistics
55:43 Chemistry
54:55 Masonry
56:52 Bracer
AlverthXIII
3:53 Loom
6:38 Loom
14:36 Feudal Age
21:05 Castle Age
31:38 Double-Bit Axe
32:19 Husbandry
32:14 Fletching
38:45 Bodkin Arrow
41:26 Ballistics
42:43 Wheelbarrow
44:25 Hand Cart
47:48 Town Watch
52:55 Imperial Age
50:11 Town Watch
54:00 Conscription
54:25 Elite War Wagon
56:45 Bow Saw
56:17 Horse Collar
58:19 Chemistry
57:30 Masonry
57:47 Town Patrol
58:50 Gold Mining
59:03 Heavy Plow
60:05 Two-Man Saw
59:07 Bracer
60:56 Shinkichon
62:07 Scale Barding Armor
61:59 Pikeman
62:44 Squires
62:31 Arson
63:43 Chain Barding Armor
63:30 Scale Mail Armor
63:13 Light Cavalry
64:11 Hussar
Cr3ep
10:30 Loom
13:44 Feudal Age
15:00 Horse Collar
17:44 Wheelbarrow
19:39 Fletching
19:49 Padded Archer Armor
26:11 Castle Age
26:12 Crossbowman
27:07 Bodkin Arrow
27:33 Double-Bit Axe
28:50 Town Watch
29:35 Heavy Plow
31:04 Leather Archer Armor
31:16 Ballistics
34:35 Treadmill Crane
35:06 Masonry
34:53 Murder Holes
35:23 Hand Cart
35:24 Bow Saw
35:06 Gold Mining
37:00 Forging
36:50 Scale Mail Armor
37:09 Squires
50:54 Imperial Age
54:11 Gold Shaft Mining
54:26 Town Patrol
56:01 Chemistry
57:12 Bracer
57:43 Ring Archer Armor
57:53 Yeomen
61:13 Siege Engineers
60:43 Elite Longbowman
Games Dean
10:32 Loom
13:34 Feudal Age
14:23 Double-Bit Axe
16:26 Bloodlines
21:42 Castle Age
20:30 Scale Barding Armor
20:36 Forging
22:26 Husbandry
22:43 Light Cavalry
28:33 Gold Mining
29:21 Stone Mining
31:01 Fishing Lines
33:35 Bow Saw
34:39 Chain Barding Armor
35:50 Iron Casting
41:48 Vendel Legacy
44:18 Fletching
48:46 Imperial Age
46:54 Wheelbarrow
47:56 Bodkin Arrow
48:09 Horse Collar
48:50 Cavalier
50:41 Plate Barding Armor
51:20 Conscription
52:52 Blast Furnace
54:28 Hand Cart
56:08 Heavy Plow
57:22 Two-Man Saw
56:48 Bracer
56:41 Capped Ram
62:09 Gillnets
62:15 Hussar
66:20 Crop Rotation
oh my gah
4:23 Loom
14:38 Feudal Age
19:59 Fletching
21:20 Padded Archer Armor
30:01 Castle Age
29:16 Double-Bit Axe
29:14 Horse Collar
30:02 Crossbowman
32:46 Thumb Ring
36:11 Elite Skirmisher
39:11 Town Watch
40:06 Wheelbarrow
39:44 Bodkin Arrow
40:05 Leather Archer Armor
44:12 Pikeman
49:20 Hand Cart
48:52 Town Watch
49:22 Heavy Plow
50:38 Town Patrol
52:06 Ballistics
55:18 Gold Mining
55:18 Stone Mining
55:44 Squires
55:57 Bow Saw
55:55 Arson
57:15 Stone Shaft Mining
58:11 Masonry
59:15 Treadmill Crane
62:39 Imperial Age
63:23 Bracer
63:53 Ring Archer Armor
64:25 Chemistry
63:49 Conscription
64:10 Herbal Medicine
64:26 Elite Genoese Crossbowman
65:31 Conscription
Drunken Wookie
5:31 Loom
14:03 Feudal Age
19:42 Double-Bit Axe
20:39 Wheelbarrow
24:40 Castle Age
23:18 Horse Collar
30:58 Bow Saw
35:24 Heavy Plow
35:17 Pikeman
35:44 Gambesons
36:09 Squires
35:55 Arson
37:03 Scale Mail Armor
37:46 Forging
39:19 Chain Mail Armor
40:43 Iron Casting
40:38 Hamask
44:05 Murder Holes
44:11 Fletching
46:05 Hand Cart
46:18 Town Watch
47:08 Gold Mining
47:09 Stone Mining
50:03 Imperial Age
48:01 Town Patrol
51:43 Plate Mail Armor
52:13 Blast Furnace
51:40 Conscription
52:02 Bodkin Arrow
52:41 Ballistics
53:22 Chemistry
52:44 Bracer
53:00 Siege Engineers
52:50 Halberdier
57:33 Elite Jomsviking
Connection lost

Rejoining the realm…

Still unreachable

The connection could not be restored.

Session expired

The server has moved on; the page needs a fresh start.